 Dungeon Crawl Stone Soup version 0.25.1-11-g244df3a29b (webtiles) character file.

Game seed: 3847463297922950494

252 sneakypete the Shield-Bearer (level 6, -3/52 HPs)
             Began as a Hill Orc Fighter on Jan 6, 2023.
             Was an Initiate of Nemelex Xobeh.
             Slain by a basilisk (6 damage)
             ... created by the adversity of Qazlal
             ... while petrified by a basilisk
             ... on level 4 of the Dungeon.
             The game lasted 00:33:20 (3665 turns).

sneakypete the Shield-Bearer (Hill Orc Fighter)     Turns: 3665, Time: 00:33:21

Health: -3/52      AC: 13    Str: 17 (20) XL:     6   Next: 13%
Magic:  6/6        EV:  2    Int:  5 (8)  God:    Nemelex Xobeh [......]
Gold:   201        SH:  0    Dex: 12 (13) Spells: 5/5 levels left

rFire    + . .     SeeInvis .   F - +2 rapier (venom)
rCold    + . .     Gourm    .   O - +0 tower shield
rNeg     + + +     Faith    .   g - +0 plate armour
rPois    ∞         Spirit   .   (no helmet)
rElec    .         Reflect  +   (no cloak)
rCorr    .         Harm     .   I - +1 pair of gloves
MR       .....                  (no boots)
Stlth    ..........             M - amulet of reflection
HPRegen  0.57/turn              e - ring of protection from cold
MPRegen  0.10/turn              (no ring)

@: petrified, stab
A: agile 1, fire resistance 1, regeneration 1
a: Draw Escape, Draw Destruction, Draw Summoning, Renounce Religion


You were on level 4 of the Dungeon.
You worshipped Nemelex Xobeh.
Nemelex Xobeh was noncommittal.
You were not hungry.

You visited 2 branches of the dungeon, and saw 5 of its levels.

You collected 201 gold pieces.

Inventory:

Hand Weapons
 a - a +0 war axe
 k - a +0 short sword
 t - a +0 club
 u - a +2 antimagic dagger
 x - a +0 club
 y - a +0 dagger
 A - a +0 whip
 C - a +0 club
 F - a +2 rapier of venom (weapon)
 L - a +1 spear of venom
 W - a +2 dire flail of protection
Missiles
 h - 17 bolts
 m - 36 stones (quivered)
 n - 34 arrows
 r - 28 poisoned darts
 v - 6 boomerangs
 U - 7 atropa-tipped darts
Armour
 b - a +1 scale mail
 c - a +0 kite shield
 g - a +0 plate armour (worn)
 D - a +0 ring mail
 I - a +1 pair of gloves (worn)
 O - a +0 tower shield (worn)
 S - a +0 ring mail
 T - a +0 kite shield
 X - a +0 scale mail
Jewellery
 e - a ring of protection from cold (left hand)
 M - an amulet of reflection (around neck)
Scrolls
 p - a scroll of enchant armour
 q - 3 scrolls of remove curse
 w - 5 scrolls of identify {unknown}
 K - a scroll of random uselessness {unknown}
 N - a scroll of teleportation {unknown}
 Q - 2 scrolls of magic mapping {unknown}
Potions
 d - a potion of might
 l - a potion of brilliance
 o - 2 potions of stabbing
 H - 3 potions of curing
 P - a potion of lignification {unknown}
 R - a potion of mutation
Comestibles
 f - 3 rations
 Y - a chunk of flesh


   Skills:
 + Level 4.3 Fighting
 + Level 1.8 Short Blades
 + Level 4.2 Axes
 + Level 3.9 Armour
 + Level 1.0 Dodging
 * Level 1.4 Stealth
 + Level 4.7 Shields


You had 5 spell levels left.
You didn't know any spells.
Your spell library was empty.

Dungeon Overview and Level Annotations

Branches:
Dungeon (4/15)             Temple (1/1) D:4

Altars:
Nemelex Xobeh
Qazlal
Ru
Trog


Innate Abilities, Weirdness & Mutations

You are agile. (Dex +2)
Your flesh is heat resistant. (rF+)
Your natural rate of healing is unusually fast.


Message History

The jackal bites you but does no damage. x2
The jackal bites you but does no damage. x2
The basilisk bites you but does no damage.
The basilisk bites you!
* * * LOW HITPOINT WARNING * * *
The jackal bites you but does no damage.
You kill the jackal!
The jackal bites you but does no damage.
The basilisk bites you but does no damage.
The jackal barely misses you. The centaur zombie hits you.
* * * LOW HITPOINT WARNING * * *
The basilisk completely misses you. The basilisk bites you.
* * * LOW HITPOINT WARNING * * *
The jackal bites you.
The centaur zombie hits you but does no damage.
The basilisk hisses menacingly.
The basilisk bites you!
You die...
Your body disappears without a glow.

#..#.......#
#..#.8...8.#
#..#.......#
#..#.......#
#..#.8...8.#####
#..#.......#...#
#..#.......#...#
#########..#.8...8.#...#
.........@l#.......#...#
........hZl#.......#...#
.........h........)....#
.......................#
......................<#
.......................#
.......................#
.......................#
#####+###.....##########


You could see 2 basilisks, a centaur zombie and 2 jackals.

Vanquished Creatures
  Edmund (D:4)
  6 adders
  3 dart slugs
  3 worms
  4 leopard geckos
  An orc (D:3)
  A ball python (D:3)
  6 bats
  6 giant cockroaches
  6 goblins
  8 hobgoblins
  6 jackals
  9 kobolds
  2 quokkas
  3 frilled lizards
  7 rats
72 creatures vanquished.

Notes
Turn   | Place    | Note
-------+----------+-------------------------------------------
     0 | D:1      | sneakypete the Hill Orc Fighter began the quest for the
                  | Orb.
     0 | D:1      | Reached XP level 1. HP: 19/19 MP: 1/1
    36 | D:1      | Reached XP level 2. HP: 17/27 MP: 2/2
   519 | D:1      | Reached XP level 3. HP: 31/33 MP: 3/3
  1268 | D:2      | Reached XP level 4. HP: 5/40 MP: 4/4
  1957 | D:2      | Found a stormy altar of Qazlal.
  2123 | D:2      | Became a worshipper of Qazlal Stormbringer
  2371 | D:3      | Found a bloodstained altar of Trog.
  2606 | D:3      | Found a sacrificial altar of Ru.
  2693 | D:3      | Reached XP level 5. HP: 35/46 MP: 5/5
  2954 | D:3      | Found a sparkling altar of Nemelex Xobeh.
  2969 | D:3      | Fell from the grace of Qazlal
  2969 | D:3      | Became a worshipper of Nemelex Xobeh the Trickster
  3293 | D:3      | Received a gift from Nemelex Xobeh
  3481 | D:4      | Noticed Edmund
  3492 | D:4      | Killed Edmund
  3492 | D:4      | Reached skill level 1 in Short Blades
  3492 | D:4      | Reached skill level 1 in Dodging
  3492 | D:4      | Reached skill level 1 in Stealth
  3492 | D:4      | Reached XP level 6. HP: 52/52 MP: 6/6
  3518 | D:4      | Found a staircase to the Ecumenical Temple.
  3530 | Temple   | Entered the Ecumenical Temple
  3618 | D:4      | Noticed a basilisk
  3618 | D:4      | Noticed a basilisk
  3651 | D:4      | Gained mutation: Your flesh is heat resistant. (rF+)
                  | [potion of mutation]
  3651 | D:4      | Gained mutation: You are agile. (Dex +2) [potion of
                  | mutation]
  3651 | D:4      | Gained mutation: Your natural rate of healing is unusually
                  | fast. [potion of mutation]
  3665 | D:4      | Slain by a basilisk

Illustrated notes

Levels and vault maps discovered:
D:1:      minmay_arrival_five_plusses, layout_rooms, grunt_decor_mini_mirrors,
          st_stairs_10
D:2:      layout_basic, old_standard_altar, first_ration
D:3:      layout_loops_corners, marbit_many_paths, nicolae_ru_awakened_eye,
          nicolae_overflow_crystal_walls, nemelex_xobeh_ov_fountains_minmay
D:4:      layout_gridville, nicolae_overflow_hidden_temple,
          kennysheep_little_box, temple_hall, serial_undead, serial_undead_d,
          serial_undead_d, serial_undead_b, serial_undead_f, serial_shops,
          nicolae_shop_trees, uniq_pikel, uniq_edmund, uniq_sigmund
Temple:   cyrus_temple_forest

Skill      XL: |  1  2  3  4  5 |
---------------+----------------+-----
Fighting       | 4 |  4.3
Axes           | 3 4 |  4.2
Shields        | 4 |  4.7
Short Blades   | 1 |  1.8
Dodging        | 1 |  1.0
Stealth        | 1 |  1.4
Armour         | |  3.9

Action                   |  1- 3 |  4- 6 || total
-------------------------+-------+-------++-------
Melee: War axe           |   109 |    17 ||   126
       Rapier            |       |   109 ||   109
  Use: Potion            |       |     6 ||     6
       Scroll            |       |     4 ||     4
  Eat: Ration            |     1 |     2 ||     3
Armor: Scale mail        |    62 |    32 ||    94
       Ring mail         |       |    10 ||    10
       Plate armour      |       |    80 ||    80
Dodge: Dodged            |    40 |    30 ||    70
Block: Kite shield       |    75 |    23 ||    98
       Tower shield      |       |    92 ||    92
       Reflection        |       |     2 ||     2
